 Dungeon Crawl Stone Soup version 0.20.1-1-g8b1a95d (webtiles) character file.

98 raph the Chiller (level 4, 0/33 HPs)
             Began as a Draconian Ice Elementalist on Aug 26, 2017.
             Slain by a gnoll
             ... wielding a +0 spear
              (1 damage)
             ... on level 3 of the Dungeon.
             The game lasted 00:06:08 (2201 turns).

raph the Chiller (Draconian Ice Elementalist)       Turns: 2201, Time: 00:06:10

Health: 0/33       AC: 12    Str: 10    XL:     4   Next: 43%
Magic:  3/8        EV: 12    Int: 20    God:
Gold:   154        SH:  0    Dex: 11    Spells: 3/9 levels left

rFire    . . .     SeeInvis .   g - +0 dagger
rCold    . . .     Gourm    +   (no shield)
rNeg     . . .     Faith    .   (armour unavailable)
rPois    .         Spirit   .   (helmet restricted)
rElec    .         Reflect  .   (no cloak)
rCorr    .         Harm     .   c - +1 pair of gloves (curse)
MR       .....                  (no boots)
Stlth    ++........             q - amulet of the gourmand
Regen    0.2/turn               d - +3 ring of intelligence
MPRegen  0.2/turn               (no ring)

@: lethally poisoned (0 -> -8), icy armour, very slightly contaminated, slow
A: unfitting armour, cold-blooded, AC +5
a: no special abilities


You were on level 3 of the Dungeon.
You were not hungry.

You visited 1 branch of the dungeon, and saw 3 of its levels.

You collected 154 gold pieces.

Inventory:

Hand Weapons
 g - a +0 dagger (weapon)
Missiles
 l - 168 stones (quivered)
Armour
 c - a cursed +1 pair of gloves (worn)
Jewellery
 d - a +3 ring of intelligence (left hand)
 q - an amulet of the gourmand (around neck)
Wands
 s - a wand of random effects (37/48)
Scrolls
 e - a scroll of enchant armour
 n - a scroll of identify {unknown}
 o - a scroll of teleportation {unknown}
 r - a scroll of immolation {unknown}
Potions
 h - a potion of cancellation {unknown}
 j - a potion of haste {unknown}
 k - a potion of heal wounds {unknown}
Books
 a - a book of Frost

   Spells                             Type                      Level
   a - Freeze                         Ice                          1
   b - Throw Frost                    Conjuration/Ice              2
   c - Ozocubu's Armour               Charms/Ice                   3
   d - Throw Icicle                   Conjuration/Ice              4
   e - Summon Ice Beast               Ice/Summoning                4
 p - a book of Changes

   Spells                             Type                      Level
   a - Beastly Appendage              Transmutation                1
   b - Sticks to Snakes               Transmutation                2
   c - Spider Form                    Transmutation/Poison         3
   d - Ice Form                       Ice/Transmutation            4
   e - Blade Hands                    Transmutation                5
Comestibles
 b - a bread ration
 i - 2 meat rations


   Skills:
 + Level 2.0 Dodging
 + Level 2.3 Stealth
 + Level 3.0 Spellcasting
 + Level 1.2 Conjurations
 + Level 4.1 Ice Magic


You had 3 spell levels left.
You knew the following spells:

 Your Spells              Type           Power        Failure   Level  Hunger
a - Freeze                Ice            ###.         2%          1    None
b - Throw Frost           Conj/Ice       ##....       7%          2    ##.....
c - Ozocubu's Armour      Chrm/Ice       ##......     19%         3    ###....


Dungeon Overview and Level Annotations

Branches:
Dungeon (3/15)

Altars:


Innate Abilities, Weirdness & Mutations

Your plain brown scales are hard. (AC +5)
You cannot fit into any form of body armour.
You are cold-blooded and may be slowed by cold attacks.


Message History

The adder bites you.
You are more poisoned.
The adder poisons you! The gnoll barely misses you.
As you read the scroll labeled KYCWAA JOSHRA, it crumbles to dust.
It is a scroll of enchant armour.
Your cursed +0 pair of gloves glows green for a moment.
You feel sick.
The gnoll hits you from afar with a spear.
* * * LOW HITPOINT WARNING * * *
The gnoll barely misses you. The adder misses you. The gnoll misses you.
As you read the scroll labeled UCWISM ZAUNLA, it crumbles to dust.
It is a scroll of recharging.
Charge which item? (? for menu, Esc to quit)
Your wand of random effects (?/48) glows for a moment.
The adder bites you.
* * * LOW HITPOINT WARNING * * *
You are more poisoned.
The adder poisons you!
The gnoll hits you from afar with a spear.
You die...

#.....##.............
#....$##.............
#.....##............)
#...................)
#....................
###.................(
#.g................
#gSgg...(..........
#.@....############
#......# #......#
#......# #......#
#......# ########


You could see 4 gnolls and an adder.

Vanquished Creatures
  A gnoll (D:3)
  2 adders (D:2)
  An ooze (D:1)
  4 dart slugs
  2 leopard geckos
  4 orcs (D:3)
  8 bats
  3 giant cockroaches
  6 goblins
  4 hobgoblins (D:1)
  6 kobolds
  A ball python (D:1)
  4 frilled lizards
  7 rats
53 creatures vanquished.

Notes
Turn   | Place    | Note
-------+----------+-------------------------------------------
     0 | D:1      | raph the Draconian Ice Elementalist began the quest for the Orb.
     0 | D:1      | Reached XP level 1. HP: 14/14 MP: 3/3
   151 | D:1      | Reached XP level 2. HP: 17/20 MP: 0/5
   365 | D:1      | Learned a level 2 spell: Throw Frost
   626 | D:1      | Reached XP level 3. HP: 24/26 MP: 4/6
  1220 | D:2      | Learned a level 3 spell: Ozocubu's Armour
  1360 | D:2      | Reached skill level 4 in Ice Magic
  1493 | D:3      | Reached XP level 4. HP: 17/33 MP: 2/8
  2201 | D:3      | HP: 1/33 [adder (3)]
  2201 | D:3      | Slain by a gnoll

Skill      XL: |  1  2  3  4 |
---------------+-------------+-----
Stealth        | 2 |  2.3
Dodging        | 2 |  2.0
Ice Magic      | 4 |  4.1
Spellcasting   | 3 |  3.0
Conjurations   | |  1.2

Action                   |  1- 3 |  4- 6 || total
-------------------------+-------+-------++-------
Melee: Dagger            |    26 |    25 ||    51
       Tailslap          |     4 |     2 ||     6
 Cast: Freeze            |    44 |    11 ||    55
       Throw Frost       |     5 |     5 ||    10
       Ozocubu's Armour  |       |     2 ||     2
  Use: Scroll            |       |     2 ||     2
 Stab: Sleeping          |     2 |       ||     2
  Eat: Chunk             |     3 |    10 ||    13
Armor: Skin              |    24 |     9 ||    33
Dodge: Dodged            |    36 |    30 ||    66
